 Dungeon Crawl Stone Soup version 0.31.0-11-ge490571c62 (webtiles) character file.

Game seed: 11246939102474878820

45 monsoonserge the Cudgeller (level 3, -5/19 (31) HPs)
             Began as a Gnoll Reaver on Jan 31, 2024.
             Slain by an orc
             ... wielding a +0 war axe
              (6 damage)
             ... on level 2 of the Dungeon.
             The game lasted 00:04:43 (1265 turns).

monsoonserge the Cudgeller (Gnoll Reaver)           Turns: 1265, Time: 00:04:43

HP:   -5/19 (31)    AC:  3    Str: 11    XL:     3   Next: 64%
MP:   8/9           EV: 12    Int: 14    God:
Gold: 40            SH:  0    Dex: 10    Spells: 11/12 levels left

rFire   . . .        a - +0 mace
rCold   . . .        (no shield)
rNeg    . . .        b - +0 leather armour
rPois   .            (no helmet)
rElec   .            (no cloak)
rCorr   .            (no gloves)
SInv    .            (no boots)
Will    .....        (no amulet)
Stlth   +            (no ring)
HPRegen 0.23/turn    (no ring)
MPRegen 0.11/turn

%: no passive effects
@: very heavily drained
A: fangs 1, strong nose, distributed training
a: no special abilities


You were on level 2 of the Dungeon.
You visited 1 branch of the dungeon, and saw 2 of its levels.

You collected 40 gold pieces.

Inventory:

Hand Weapons
 a - a +0 mace (weapon)
Missiles
 m - 2 datura-tipped darts
Armour
 b - a +0 leather armour (worn)
 n - a +0 scale mail of willpower
Talismans
 l - a flux talisman
Scrolls
 d - a scroll of teleportation {unknown}
 f - 4 scrolls of identify {unknown}
 g - a scroll of enchant armour {unknown}
 h - a scroll of enchant weapon {unknown}
 j - 2 scrolls of fog {unknown}
 k - a scroll of poison {unknown}
Potions
 e - a potion of magic {unknown}
 i - a potion of heal wounds {unknown}


   Skills:
 + Level 4.6 Fighting
 + Level 1.0 Short Blades
 + Level 1.0 Long Blades
 + Level 1.0 Axes
 + Level 6.5 Maces & Flails
 + Level 1.0 Polearms
 + Level 1.0 Staves
 + Level 1.0 Ranged Weapons
 + Level 1.0 Throwing
 + Level 1.0 Armour
 + Level 4.6 Dodging
 + Level 1.0 Stealth
 + Level 1.0 Shields
 + Level 1.0 Unarmed Combat
 + Level 5.0 Spellcasting
 + Level 5.4 Conjurations
 + Level 0.7 Hexes
 + Level 0.7 Summonings
 + Level 0.7 Necromancy
 + Level 0.7 Translocations
 + Level 0.7 Fire Magic
 + Level 0.7 Ice Magic
 + Level 0.7 Air Magic
 + Level 0.7 Earth Magic
 + Level 0.7 Alchemy
 + Level 1.0 Invocations
 + Level 1.0 Evocations
 + Level 0.8 Shapeshifting


You had 11 spell levels left.
You knew the following spells:

 Your Spells              Type           Power      Damage    Failure   Level
a - Kiss of Death         Conj/Necr      48%        2d9       6%          1

Your spell library contained the following spells:

 Spells                   Type           Power      Damage    Failure   Level
 Momentum Strike          Conj/Tloc      24%        3d8       10%         2
 Hailstorm                Conj/Ice       12%        3d6       19%         3
 Fugue of the Fallen      Necr           5%         N/A       45%         3
 Ozocubu's Armour         Ice            5%         N/A       45%         3
 Manifold Assault         Tloc           5%         N/A       86%         4


Dungeon Overview and Level Annotations

Branches:
Dungeon (2/15)

Altars:

Shops:
D:1 !(?[*   D:2 ![


Innate Abilities, Weirdness & Mutations

You have very sharp teeth.
Your uncanny sense of smell can sniff out nearby items.
Your experience applies equally to all skills.


Message History

The orc priest is severely wounded.
Found a stone staircase leading down.
The orc hits you with a +0 war axe. The orc closely misses you.
The orc priest hits you but does no damage.
Things that are here:
a +0 whip; a +0 club You hit the orc priest but do no damage.
You bite the orc priest, but do no damage.
The orc priest is severely wounded.
The orc priest miscasts a cantrip.
The orc hits you with a +0 flail! The orc hits you but does no damage.
You hit the orc priest.
The orc priest is almost dead.
The orc priest completely misses you. The orc misses you. x2
You closely miss the orc priest.
You bite the orc priest, but do no damage.
The orc priest is almost dead.
The orc priest hits you but does no damage.
The orc barely misses you. x2
You closely miss the orc priest.
The orc priest is almost dead.
The orc priest hits you with a +0 whip. The orc completely misses you.
The orc closely misses you.
You hit the orc priest but do no damage.
The orc priest is almost dead.
The orc misses you. The orc priest closely misses you.
The orc hits you with a +0 war axe!
* * * LOW HITPOINT WARNING * * *
Unknown command.
Casting: Kiss of Death (safe; 6% risk of failure)
Confirm with . or Enter, or press ? or * to list all spells.
Aiming: Kiss of Death (safe; 6% risk of failure)
Press: ? - help, Shift-Dir - straight line, f/p - orc priest
Aim: an orc priest, wielding a +0 whip and wearing a +0 ring mail (almost dead, heavily drained, 100% to hit)
The negative energy hits the orc priest.
The orc priest is drained!
You kill the orc priest!
You feel drained. The orc completely misses you.
The orc hits you with a +0 war axe.
You die...

####..#'########
..........#
#.#.....#.#
#......†#.#
........#.#
###.......##
........#..#
.........).#
####.#####@#
#.......oo......
...####..#..####.
... ##. ..# ##
... .... #....
.##>#


You could see 2 orcs.

Vanquished Creatures
  An orc priest (D:2)
  2 dart slugs (D:1)
  A ribbon worm (D:2)
  2 orcs (D:2)
  5 ball pythons
  3 bats (D:1)
  An endoplasm (D:1)
  2 giant cockroaches (D:1)
  4 goblins (D:1)
  A hobgoblin (D:1)
  6 kobolds
  A quokka (D:2)
  3 frilled lizards
  5 rats
37 creatures vanquished.

Notes
Turn   | Place    | Note
-------+----------+-------------------------------------------
     0 | D:1      | monsoonserge the Gnoll Reaver began the quest for the Orb.
     0 | D:1      | Reached XP level 1. HP: 20/20 MP: 6/6
    45 | D:1      | Found Umabeu's Assorted Antiques.
    90 | D:1      | Reached XP level 2. HP: 22/26 MP: 7/7
   414 | D:1      | Found Foggeen's Armour Boutique.
   564 | D:1      | Found Hicat's Distillery.
   571 | D:1      | Found Tonyps's Antique Weapon Shoppe.
   579 | D:1      | Found Jasuon's Magic Scroll Shoppe.
   594 | D:1      | Reached skill level 5 in Spellcasting
   594 | D:1      | Reached XP level 3. HP: 27/28 MP: 7/9
   769 | D:1      | Reached skill level 1 in Invocations
  1047 | D:2      | Found Izob Deas's Antique Armour Shoppe.
  1132 | D:2      | Found Zaocsen's Distillery.
  1257 | D:2      | Reached skill level 1 in Short Blades
  1257 | D:2      | Reached skill level 1 in Long Blades
  1257 | D:2      | Reached skill level 1 in Axes
  1257 | D:2      | Reached skill level 1 in Polearms
  1257 | D:2      | Reached skill level 1 in Staves
  1257 | D:2      | Reached skill level 1 in Ranged Weapons
  1257 | D:2      | Reached skill level 1 in Throwing
  1257 | D:2      | Reached skill level 1 in Armour
  1257 | D:2      | Reached skill level 1 in Stealth
  1257 | D:2      | Reached skill level 1 in Shields
  1257 | D:2      | Reached skill level 1 in Unarmed Combat
  1257 | D:2      | Reached skill level 1 in Evocations
  1264 | D:2      | HP: 1/24 [orc/+0 war axe (10)]
  1265 | D:2      | Slain by an orc

Illustrated notes

Levels and vault maps discovered:
D:1:      amcnicky_arrival_blooded_trapdoor, layout_basic, serial_shops, shop,
          nicolae_shop_rolling_square, shop, shop, nicolae_shop_waterfront,
          minmay_misc_feat_nine_boxes, minivault_4
D:2:      layout_basic, serial_shops, shop, nicolae_shop_tiny_real_fake_doors,
          shop, shop_statue, shop

Skill      XL: |  1  2  3 |
---------------+----------+-----
Spellcasting   | 5 |  5.0
Invocations    | 1 |  1.0
Short Blades   | 1 |  1.0
Long Blades    | 1 |  1.0
Axes           | 1 |  1.0
Polearms       | 1 |  1.0
Staves         | 1 |  1.0
Ranged Weapons | 1 |  1.0
Throwing       | 1 |  1.0
Armour         | 1 |  1.0
Stealth        | 1 |  1.0
Shields        | 1 |  1.0
Unarmed Combat | 1 |  1.0
Evocations     | 1 |  1.0
Fighting       | |  4.6
Maces & Flails | |  6.5
Dodging        | |  4.6
Conjurations   | |  5.4
Hexes          | |  0.7
Summonings     | |  0.7
Necromancy     | |  0.7
Translocations | |  0.7
Fire Magic     | |  0.7
Ice Magic      | |  0.7
Air Magic      | |  0.7
Earth Magic    | |  0.7
Alchemy        | |  0.7
Shapeshifting  | |  0.8

Action                     || total
---------------------------++-------
  Melee: Mace              ||   105
         Bite              ||     9
         Punch             ||     2
   Cast: Kiss of Death     ||     3
 Armour: Leather armour    ||    59
  Dodge: Dodged            ||    68
